 Dungeon Crawl Stone Soup version 0.27.0-1-g7a089689b8 (webtiles) character file.

Game seed: 14573914402886361432

68 inmateoo the Grave Robber (level 4, -4/35 HPs)
             Began as a Merfolk Necromancer on Aug 7, 2021.
             Killed by divine providence
             ... invoked by an orc priest
              (7 damage)
             ... on level 3 of the Dungeon.
             The game lasted 00:03:24 (2597 turns).

inmateoo the Grave Robber (Merfolk Necromancer)     Turns: 2597, Time: 00:03:24

Health: -4/35      AC:  6    Str:  9    XL:     4   Next: 19%
Magic:  7/7        EV: 11    Int: 14    God:
Gold:   67         SH:  5    Dex: 14    Spells: 2/7 levels left

rFire    . . .     SeeInvis .   g - +0 spear
rCold    . . .     Faith    .   (no shield)
rNeg     . . .     Spirit   .   i - +0 ring mail
rPois    .         Reflect  +   (no helmet)
rElec    .         Harm     .   (no cloak)
rCorr    .         Rampage  .   (no gloves)
Will     .....                  e - +0 pair of boots
Stlth    +.........             j - amulet of reflection
HPRegen  0.11/turn              (no ring)
MPRegen  0.10/turn              (no ring)

@: no status effects
A: (nimble swimmer 2), mertail
a: no special abilities


You were on level 3 of the Dungeon.
You visited 1 branch of the dungeon, and saw 3 of its levels.

You collected 67 gold pieces.

Inventory:

Hand Weapons
 g - a +0 spear (weapon)
Missiles
 c - 19 poisoned darts (quivered)
Armour
 e - a +0 pair of boots (worn)
 i - a +0 ring mail (worn)
Jewellery
 j - an amulet of reflection (around neck)
Scrolls
 f - 3 scrolls of identify
Potions
 a - a potion of flight
 d - 2 potions of curing


   Skills:
 + Level 3.2 Fighting
 * Level 2.0 Polearms
 + Level 3.1 Dodging
 - Level 2.1 Stealth
 + Level 2.1 Spellcasting
 + Level 3.3 Necromancy


You had 2 spell levels left.
You knew the following spells:

 Your Spells              Type           Power      Damage    Failure   Level
a - Pain                  Necr           40%        1d6       17%         1
b - Animate Skeleton      Necr           20%        N/A       17%         1
c - Vampiric Draining     Necr           5%         2d6       45%         3

Your spell library contained the following spells:

 Spells                   Type           Power      Damage    Failure   Level
 Foxfire                  Conj/Fire      4%         2x1d4     54%         1
 Animate Dead             Necr           5%         N/A       86%         4
 Conjure Flame            Conj/Fire      1%         6-21      89%         3
 Inner Flame              Hex/Fire       1%         N/A       89%         3
 Agony                    Necr           10%        N/A       99%         5


Dungeon Overview and Level Annotations

Branches:
Dungeon (3/15)

Altars:


Innate Abilities, Weirdness & Mutations

((You are quick and stealthy near water. (Stealth+, EV+, Speed+++)))
Your lower body shifts to a powerful aquatic tail in water.


Message History

The hound bites you.
There are monsters nearby!
You closely miss the orc priest. The hound bites you but does no damage.
The orc priest hits you with a +0 flail of holy wrath.
The hound bites you but does no damage.
Okay, then.
Okay, then.
The orc hits you with a +0 club.
You reach to attack!
You hit the orc.
The orc is lightly wounded.
You hit the orc.
The orc is moderately wounded.
The orc hits you but does no damage.
You hit the orc.
The orc is heavily wounded.
The orc closely misses you.
You hit the orc.
You kill the orc!
The orc throws a stone.
The stone hits you but does no damage.
Your Polearms skill increases to level 2!
You reach to attack!
You barely miss the orc.
The orc throws a stone.
The stone closely misses you.
You reach to attack!
You completely miss the orc. You barely miss the orc.
The orc hits you with a +0 hand axe.
You hit the orc.
The orc is moderately wounded.
The orc priest invokes the aid of Beogh against you.
Beogh smites you!
You hit the orc.
You kill the orc!
The orc priest looks encouraged for a moment.
The orc priest invokes the aid of Beogh against you.
Pain shoots through your body!
The orc priest invokes the aid of Beogh against you.
Beogh smites you!
* * * LOW HITPOINT WARNING * * *
There is an escape hatch in the ceiling here.
The orc priest invokes the aid of Beogh against you.
Beogh smites you!
You die...

.<................##...#.########
.....###.......#.....#....o......
.....###...........#...#.########
....#...^........#o###.#.# #
##.#.###.##......#...#.#.# #
.........##.##.#####o#.#.# #
.........##.##...#)).#.#.# #
##.#.######.####.#...#.#.########
.#.#.# #..# #@..#.#.#.........
.#.#.# #.## ##.##.#.##########
.#.#.# #.# #.##.#.# .#.#.# #.#
#.##.#.# .#.#.# #.# #.##.#.#
.#.#.# ##.######.##.#.#
.#.#.####.........##.#.#
.#...................#.#
.#########.###########.#


You could see an orc priest.

Vanquished Creatures
  2 adders
  A worm (D:3)
  2 dart slugs (D:1)
  2 orcs (D:3)
  4 ball pythons
  6 endoplasms
  2 giant cockroaches
  2 goblins
  2 hobgoblins
  2 jackals (D:3)
  A kobold (D:3)
  3 quokkas
  2 bats
  3 frilled lizards
  4 rats
38 creatures vanquished.

Notes
Turn   | Place    | Note
-------+----------+-------------------------------------------
     0 | D:1      | inmateoo the Merfolk Necromancer began the quest for the
                  | Orb.
     0 | D:1      | Reached XP level 1. HP: 13/13 MP: 3/3
    62 | D:1      | Found a faded altar of an unknown god.
    92 | D:2      | Reached skill level 1 in Fighting
   292 | D:1      | Reached XP level 2. HP: 9/22 MP: 0/5
   479 | D:1      | Learned a level 1 spell: Animate Skeleton
   975 | D:1      | Reached XP level 3. HP: 25/28 MP: 6/6
  1669 | D:2      | Reached skill level 1 in Polearms
  2137 | D:3      | Learned a level 3 spell: Vampiric Draining
  2350 | D:3      | Reached XP level 4. HP: 35/35 MP: 7/7
  2597 | D:3      | Killed from afar by an orc priest

Illustrated notes

Levels and vault maps discovered:
D:1:      grunt_arrival_crossed_arrows, layout_basic,
          hellmonk_ecumenical_altar_blasted
D:2:      layout_loops_ring, minivault_25
D:3:      layout_loops_ring, kennysheep_generic_room_15

Skill      XL: |  1  2  3  4 |
---------------+-------------+-----
Fighting       | 1 2 3 |  3.2
Polearms       | 1 2 |  2.0
Dodging        | 3 |  3.1
Stealth        | |  2.1
Spellcasting   | |  2.1
Necromancy     | |  3.3

Action                   |  1- 3 |  4- 6 || total
-------------------------+-------+-------++-------
Melee: Unarmed           |     2 |       ||     2
       Rapier            |    29 |       ||    29
       Spear             |    56 |    49 ||   105
Throw: Dart              |     3 |       ||     3
 Cast: Pain              |    16 |       ||    16
  Use: Scroll            |       |     6 ||     6
 Stab: Sleeping          |     3 |       ||     3
Armor: Robe              |    11 |       ||    11
       Ring mail         |    22 |    23 ||    45
Dodge: Dodged            |    45 |    17 ||    62
Block: Other             |     2 |     9 ||    11
